 Dungeon Sprint DCSS version 0.23.2-1-ga50397a6bc (webtiles) character file.

Game seed: 8576811224878890559

291 Kobolds4U the Unseen (level 6, -7/30 HPs)
             Began as a Spriggan Assassin on May 23, 2019.
             Mangled by a yak (17 damage)
             ... in the Dungeon (Sprint I: "Red Sonja").
             The game lasted 00:00:31 (79 turns).

Kobolds4U the Unseen (Spriggan Assassin)              Turns: 79, Time: 00:00:31

Health: -7/30      AC:  3    Str:  7    XL:     6   Next: 10%
Magic:  7/7        EV: 17    Int: 13    God:
Gold:   297        SH:  0    Dex: 19    Spells: 5/5 levels left

rFire    . . .     SeeInvis +   a - +2 dagger
rCold    . . .     Gourm    .   (shield restricted)
rNeg     . . .     Faith    .   c - +0 robe
rPois    .         Spirit   .   (helmet restricted)
rElec    .         Reflect  .   d - +0 cloak
rCorr    .         Harm     .   (gloves unavailable)
MR       +....     NoTele   +   (boots unavailable)
Stlth    +++++++...             (no amulet)
HPRegen  0.10/turn              (no ring)
MPRegen  0.10/turn              (no ring)

@: very quick
A: very small, unfitting armour, see invisible, herbivore, speed 3, slow
metabolism 2
a: no special abilities


You were in the Dungeon.
You were not hungry.

You visited 1 branch You collected 297 gold pieces.

Inventory:

Hand Weapons
 a - a +2 dagger (weapon)
 b - a +0 blowgun
Missiles
 e - 8 poisoned needles
 f - 2 curare-tipped needles
Armour
 c - a +0 robe (worn)
 d - a +0 cloak (worn)
Wands
 n - a wand of random effects (32)
Scrolls
 m - a scroll of blinking
 o - a scroll of immolation {unknown}
 p - a scroll of fog {unknown}
 q - a scroll of remove curse {unknown}
Potions
 h - a potion of curing
 i - 2 potions of heal wounds
 j - a potion of haste
 k - 2 potions of magic
 l - a potion of berserk rage
Comestibles
 g - a ration


   Skills:
 - Level 1.5 Fighting
 - Level 2.1 Short Blades
 - Level 2.0 Throwing
 - Level 1.5 Dodging
 + Level 18.6 Stealth


You had 5 spell levels left.
You didn't know any spells.
Your spell library was empty.

Dungeon Overview and Level Annotations

Branches:
Dungeon (1/1)

Altars:
Cheibriados
Dithmenos
Elyvilon
Fedhas
Gozag
Hepliaklqana
Kikubaaqudgha
Makhleb
Okawaru
Qazlal
Ru
Sif Muna
Trog
Uskayaw
Vehumet
Wu Jian
Xom
Yredelemnul
Zin
The Shining One
Jiyva
Lugonu

Shops:
D [


Innate Abilities, Weirdness & Mutations

You are very small and have problems with some larger weapons.
You are too small for most types of armour.
You have supernaturally acute eyesight. (SInv)
You are a herbivore.
You cover ground extremely quickly.
You need to consume almost no food.


Message History

q - a scroll labeled PEPSAD IFATICH
There is an ornate altar of the Wu Jian Council here.
You open the door.
Found 108 gold pieces.
Found 27 gold pieces.
There is an open door here.
You now have 189 gold pieces (gained 27).
You now have 216 gold pieces (gained 27).
You now have 243 gold pieces (gained 27).
You now have 270 gold pieces (gained 27).
You now have 297 gold pieces (gained 27).
There is an open door here.
You open the door.
A yak comes into view.
Found Faockimo's Antique Armour Emporium.
Found fourteen altars.
The yak bellows!
The yak gores you!
Ouch! That really hurt!
You die...

###################
#<.#.['..#.)'..#__#
#..'..#.)'..#..+J.+
#..#####'#####'#__#
#..# #..#...#.####
#..#__####..##.#
#..#_____##'#_.+
#⌠⌠#_.∩..Y@..._#
####_..__##_.#'#
#____ ##+#.# ####
###


You could see a yak.

Vanquished Creatures
  Sigmund (D)
  An ogre (D)
  A jelly (D)
  Ijyb (D)
4 creatures vanquished.

Notes
Turn   | Place    | Note
-------+----------+-------------------------------------------
     0 | D        | Kobolds4U the Spriggan Assassin began the quest for the
                  | Orb.
     0 | D        | Reached XP level 1. HP: 10/10 MP: 2/2
     1 | D        | Noticed Ijyb
     4 | D        | Killed Ijyb
     4 | D        | Reached skill level 10 in Stealth
     4 | D        | Reached XP level 2. HP: 14/14 MP: 3/3
     7 | D        | Noticed an ogre
    10 | D        | Killed an ogre
    10 | D        | Reached skill level 14 in Stealth
    10 | D        | Reached XP level 3. HP: 18/18 MP: 4/4
    10 | D        | Reached XP level 4. HP: 22/22 MP: 5/5
    20 | D        | Noticed Sigmund
    23 | D        | Killed Sigmund
    23 | D        | Reached skill level 18 in Stealth
    23 | D        | Reached XP level 5. HP: 25/25 MP: 6/6
    35 | D        | Found a burning altar of Makhleb.
    35 | D        | Found a viscous altar of Jiyva.
    35 | D        | Found a shimmering altar of Xom.
    35 | D        | Found a corrupted altar of Lugonu.
    35 | D        | Noticed a slime creature
    43 | D        | Found an ornate altar of the Wu Jian Council.
    43 | D        | Found a deep blue altar of Sif Muna.
    45 | D        | Found a radiant altar of Vehumet.
    49 | D        | Reached XP level 6. HP: 8/30 MP: 7/7
    78 | D        | Found Faockimo's Antique Armour Emporium.
    78 | D        | Found an ancient bone altar of Kikubaaqudgha.
    78 | D        | Found a hazy altar of Hepliaklqana.
    78 | D        | Found a stormy altar of Qazlal.
    78 | D        | Found a hide-covered altar of Uskayaw.
    78 | D        | Found a blossoming altar of Fedhas.
    78 | D        | Found a bloodstained altar of Trog.
    78 | D        | Found an iron altar of Okawaru.
    78 | D        | Found a basalt altar of Yredelemnul.
    78 | D        | Found a glowing golden altar of the Shining One.
    78 | D        | Found a snail-covered altar of Cheibriados.
    78 | D        | Found a sacrificial altar of Ru.
    78 | D        | Found a glowing silver altar of Zin.
    78 | D        | Found a shadowy altar of Dithmenos.
    78 | D        | Found a white marble altar of Elyvilon.
    78 | D        | Noticed a yak
    79 | D        | Found an opulent altar of Gozag.
    79 | D        | Mangled by a yak

Skill      XL: |  1  2  3  4 |
---------------+-------------+-----
Stealth        | 10 14 18 | 18.6
Fighting       | |  1.5
Short Blades   | |  2.1
Throwing       | |  2.0
Dodging        | |  1.5

Action                   |  1- 3 |  4- 6 || total
-------------------------+-------+-------++-------
Melee: Dagger            |     2 |     4 ||     6
 Stab: Sleeping          |     2 |     2 ||     4
Dodge: Dodged            |       |     1 ||     1
